 Dungeon Sprint DCSS version 0.30.1-4-g462c640d31 (webtiles) character file.

Game seed: 17751337296810455750

4260 Heoruswealwe the Brawler (level 10, 0/109 (111) HPs)
             Began as a Troll Berserker on Aug 17, 2023.
             Was the Champion of Trog.
             Slain by an unseen horror (6 damage)
             ... in the Dungeon (Sprint I: "Red Sonja").
             The game lasted 00:08:10 (531 turns).

Heoruswealwe the Brawler (Troll Berserker)           Turns: 531, Time: 00:08:11

HP:   0/109 (111)   AC:  7    Str: 31    XL:     10   Next: 10%
MP:   9/9           EV: 13    Int:  3    God:    Trog [******]
Gold: 609           SH:  0    Dex:  9    Spells: 9/9 levels left

rFire   . .          .
                       - Unarmed
rCold   + . .        (no shield)
rNeg    . . .        h - +2 robe {rC+}
rPois   .            (helmet restricted)
rElec   .            j - +0 cloak
rCorr   .            (gloves unavailable)
SInv    .            (boots unavailable)
Will    .....        c - amulet of regeneration
Stlth   +            (no ring)
HPRegen 1.98/turn    (no ring)
MPRegen 0.11/turn

%: no teleportation
@: hasted, lightly drained, very quick
A: large, unfitting armour, claws 3, regeneration 1, shaggy fur 1, tough skin 1
a: Renounce Religion, Berserk, Trog's Hand, Brothers in Arms


You were in the Dungeon.
You worshipped Trog.
Trog was exalted by your worship.
You visited 1 branch You collected 748 gold pieces.
You spent 139 gold pieces at shops.

Inventory:

Armour
 h - a +2 robe of cold resistance (worn)
 j - a +0 cloak (worn)
Jewellery
 c - an amulet of regeneration (around neck)
Wands
 e - a wand of flame (19)
Scrolls
 a - a scroll of poison {unknown}
 f - a scroll of magic mapping {unknown}
 g - a scroll of blinking
 i - a scroll of fear {unknown}
Potions
 b - a potion of lignification {unknown}


   Skills:
 + Level 10.8 Fighting
 + Level 11.4 Dodging
 + Level 1.0 Stealth
 + Level 15.7 Unarmed Combat


You had 9 spell levels left.
You didn't know any spells.
Your spell library was empty.

Dungeon Overview and Level Annotations

Branches:
Dungeon (1/1)

Altars:
Cheibriados
Dithmenos
Elyvilon
Fedhas
Gozag
Hepliaklqana
Kikubaaqudgha
Makhleb
Nemelex Xobeh
Okawaru
Qazlal
Ru
Sif Muna
Trog
Uskayaw
Vehumet
Wu Jian
Xom
Yredelemnul
Zin
The Shining One
Jiyva
Lugonu

Shops:
D [[


Innate Abilities, Weirdness & Mutations

You are too large for most types of armour.
You have claws for hands.
Your natural rate of healing is unusually fast.
You are covered in fur. (AC +1)
You have tough skin. (AC +1)


Message History

You destroy the necrophage!
Trog accepts your kill. Something hits you. Something barely misses you.
You eviscerate the necrophage!!!
You destroy the necrophage!
Trog accepts your kill. Something hits you but does no damage.
The necrophage closely misses you. The necrophage completely misses you.
Your Stealth skill increases to level 1!
You mangle the necrophage!!
The necrophage is severely damaged.
Something hits you.
* * * LOW HITPOINT WARNING * * *
Something hits you!
* * * LOW HITPOINT WARNING * * *
Something hits you but does no damage. The necrophage barely misses you.
The necrophage misses you. Something hits you but does no damage.
You mangle the necrophage!!
You destroy the necrophage!
Trog accepts your kill. Something hits you.
* * * LOW HITPOINT WARNING * * *
Something hits you but does no damage.
Your life force feels restored.
You barely miss something. Something hits you but does no damage.
Something hits you.
* * * LOW HITPOINT WARNING * * *
The necrophage barely misses you. Something hits you!
* * * LOW HITPOINT WARNING * * *
You claw something! Something hits you.
* * * LOW HITPOINT WARNING * * *
Something hits you but does no damage. The necrophage hits you.
* * * LOW HITPOINT WARNING * * *
You feel drained.
You feel yourself speed up. Something barely misses you.
The necrophage hits you but does no damage.
Something hits you.
* * * LOW HITPOINT WARNING * * *
Something hits you.
You die...

..__##_.#'##+#####'###
____###+#.#.).(###.+.#
##### ####'###.###†#
+.....')∩##§#
###########.# #... #§#
... +.# #++.######§#
#..†..@.)#§#
#.......#+§#
?$$....n†.~####
$).......~~#
.......~~~##
##..~~~~### +######+


You could see a necrophage.

Vanquished Creatures
  2 centaur warriors (D)
  A deep troll (D)
  An oklob plant (D)
  2 kobold demonologists (D)
  A hornet (D)
  A slime creature (D)
  Sigmund (D)
  A yak (D)
  2 redbacks (D)
  2 floating eyes (D)
  An ogre (D)
  4 necrophages (D)
  8 jellies (D)
  Ijyb (D)
28 creatures vanquished.

Notes
Turn   | Place    | Note
-------+----------+-------------------------------------------
     0 | D        | Heoruswealwe the Troll Berserker began the quest for the
                  | Orb.
     0 | D        | Reached XP level 1. HP: 22/22 MP: 0/0
     4 | D        | Noticed Ijyb
    14 | D        | Killed Ijyb
    15 | D        | Reached skill level 4 in Unarmed Combat
    15 | D        | Reached XP level 2. HP: 19/31 MP: 1/1
    26 | D        | Noticed an ogre
    29 | D        | Killed an ogre
    30 | D        | Reached skill level 5 in Fighting
    30 | D        | Reached skill level 5 in Dodging
    30 | D        | Reached skill level 6 in Unarmed Combat
    30 | D        | Reached XP level 3. HP: 22/42 MP: 2/2
    30 | D        | Reached XP level 4. HP: 27/50 MP: 3/3
    53 | D        | Noticed Sigmund
    57 | D        | Killed Sigmund
    57 | D        | Reached ** piety under Trog
    58 | D        | Reached skill level 7 in Unarmed Combat
    58 | D        | Reached XP level 5. HP: 53/61 MP: 4/4
    58 | D        | Reached XP level 6. HP: 59/68 MP: 5/5
    75 | D        | Found a burning altar of Makhleb.
    75 | D        | Found a viscous altar of Jiyva.
    75 | D        | Found a shimmering altar of Xom.
    75 | D        | Found a corrupted altar of Lugonu.
    75 | D        | Noticed a slime creature
    81 | D        | Killed a slime creature
    82 | D        | Reached skill level 9 in Unarmed Combat
   101 | D        | Found an ornate altar of the Wu Jian Council.
   101 | D        | Found a shimmering blue altar of Sif Muna.
   103 | D        | Found a radiant altar of Vehumet.
   139 | D        | Found Mysifi's Antique Armour Emporium.
   139 | D        | Found an ancient bone altar of Kikubaaqudgha.
   139 | D        | Found a hazy altar of Hepliaklqana.
   139 | D        | Found a stormy altar of Qazlal.
   139 | D        | Found a hide-covered altar of Uskayaw.
   139 | D        | Found a blossoming altar of Fedhas.
   139 | D        | Found a bloodstained altar of Trog.
   139 | D        | Found an iron altar of Okawaru.
   139 | D        | Found a basalt altar of Yredelemnul.
   139 | D        | Found a glowing golden altar of the Shining One.
   139 | D        | Found a snail-covered altar of Cheibriados.
   139 | D        | Found a sacrificial altar of Ru.
   139 | D        | Found a glowing silver altar of Zin.
   139 | D        | Found a shadowy altar of Dithmenos.
   139 | D        | Found a white marble altar of Elyvilon.
   139 | D        | Noticed a yak
   143 | D        | Killed a yak
   143 | D        | Reached *** piety under Trog
   144 | D        | Reached XP level 7. HP: 79/79 MP: 6/6
   144 | D        | Found an opulent altar of Gozag.
   145 | D        | Found a sparkling altar of Nemelex Xobeh.
   149 | D        | Bought a runed robe for 85 gold pieces
   177 | D        | Noticed a kobold demonologist
   177 | D        | Noticed a kobold demonologist
   180 | D        | Reached skill level 10 in Unarmed Combat
   180 | D        | Noticed an orange demon
   184 | D        | Noticed a sixfirhy
   186 | D        | Killed a kobold demonologist
   187 | D        | Reached skill level 11 in Unarmed Combat
   194 | D        | Killed a kobold demonologist
   194 | D        | Reached **** piety under Trog
   195 | D        | Reached XP level 8. HP: 50/92 MP: 7/7
   250 | D        | Noticed a centaur warrior
   250 | D        | Noticed a centaur warrior
   259 | D        | Killed a centaur warrior
   260 | D        | Reached skill level 12 in Unarmed Combat
   266 | D        | Killed a centaur warrior
   267 | D        | Reached skill level 10 in Fighting
   267 | D        | Reached skill level 10 in Dodging
   267 | D        | Reached skill level 13 in Unarmed Combat
   267 | D        | Reached XP level 9. HP: 40/101 MP: 8/8
   344 | D        | Noticed a deep troll
   352 | D        | Killed a deep troll
   353 | D        | Reached skill level 14 in Unarmed Combat
   364 | D        | Found Uxtecw's Armour Emporium.
   372 | D        | Bought a +0 cloak for 54 gold pieces
   411 | D        | Noticed an oklob plant
   419 | D        | Killed an oklob plant
   419 | D        | Reached ***** piety under Trog
   434 | D        | Reached skill level 15 in Unarmed Combat
   490 | D        | Received a gift from Trog
   495 | D        | Reached XP level 10. HP: 89/111 MP: 9/9
   526 | D        | Reached skill level 1 in Stealth
   527 | D        | Reached ****** piety under Trog
   529 | D        | HP: 4/111 [necrophage (6)]
   531 | D        | Slain by an unseen horror

Illustrated notes

Levels and vault maps discovered:
D:        dungeon_sprint_1 [red_sonja_temple_1, red_sonja_temple_small_1]

Skill      XL: |  1  2  3  4  5  6  7  8  9 10 |
---------------+-------------------------------+-----
Fighting       | 3 5 6 7 9 10 | 10.8
Dodging        | 3 5 6 7 9 10 11 | 11.4
Unarmed Combat | 4 6 7 9 11 13 15 | 15.7
Stealth        | 1 |  1.0

Action                     |  1- 3 |  4- 6 |  7- 9 | 10-12 || total
---------------------------+-------+-------+-------+-------++-------
  Melee: Unarmed           |    11 |    15 |    57 |    19 ||   102
         Punch             |     1 |     1 |     1 |       ||     3
 Invoke: Berserk           |       |       |     2 |       ||     2
    Use: Potion            |     1 |       |     2 |     1 ||     4
 Armour: Animal skin       |       |     2 |       |       ||     2
         Robe              |       |       |    21 |    21 ||    42
  Dodge: Dodged            |     3 |     4 |    35 |    17 ||    59
